 Dungeon Crawl Stone Soup version 0.27-a0-705-ga0013940fb (webtiles) character file.

Game seed: 4056050547559469578

184 Dittersdorf the Shield-Bearer (level 5, -6/34 HPs)
             Began as a Gargoyle Fighter on Mar 22, 2021.
             Killed by divine providence
             ... invoked by an orc priest
              (9 damage)
             ... on level 3 of the Dungeon.
             The game lasted 00:03:24 (2621 turns).

Dittersdorf the Shield-Bearer (Gargoyle Fighter)    Turns: 2621, Time: 00:03:24

Health: -6/34      AC: 19    Str: 21    XL:     5   Next: 63%
Magic:  5/5        EV:  7    Int:  8    God:
Gold:   128        SH:  9    Dex:  9    Spells: 4/4 levels left

rFire    . . .     SeeInvis .   a - +2 flail (protect)
rCold    . . .     Faith    .   c - +0 kite shield
rNeg     + . .     Spirit   .   b - +0 scale mail
rPois    ∞         Reflect  .   (no helmet)
rElec    +         Harm     .   (no cloak)
rCorr    .         Rampage  .   e - +0 pair of gloves
Will     .....                  (no boots)
Stlth    ..........             (no amulet)
HPRegen  0.11/turn              (no ring)
MPRegen  0.09/turn              (no ring)

@: mighty, protection aura
A: AC +4, negative energy resistance 1, electricity resistance, torment
resistance 1, unbreathing 1, petrification resistance
a: no special abilities


You were on level 3 of the Dungeon.
You visited 1 branch of the dungeon, and saw 3 of its levels.

You collected 128 gold pieces.

Inventory:

Hand Weapons
 a - a +2 flail of protection (weapon)
Missiles
 l - 16 poisoned darts (quivered)
 n - a throwing net
Armour
 b - a +0 scale mail (worn)
 c - a +0 kite shield (worn)
 e - a +0 pair of gloves (worn)
 k - a +0 plate armour
Scrolls
 f - a scroll of teleportation {unknown}
 g - a scroll of fear {unknown}
 i - a scroll of vulnerability {unknown}
 o - a scroll of blinking {unknown}
 p - a scroll of identify {unknown}
Potions
 h - a potion of attraction {unknown}
 j - a potion of mutation {unknown}
 m - a potion of curing {unknown}


   Skills:
 + Level 4.3 Fighting
 + Level 3.2 Maces & Flails
 + Level 4.3 Armour
 + Level 4.4 Shields


You had 4 spell levels left.
You didn't know any spells.
Your spell library contained the following spells:

 Spells                   Type           Power      Damage    Failure   Level
 Corona                   Hex            0%         N/A       99%         1
 Ensorcelled Hibernation  Hex/Ice        0%         N/A       100%        2
 Confusing Touch          Hex            0%         N/A       100%        3
 Dazzling Flash           Conj/Hex       0%         N/A       100%        3
 Tukima's Dance           Hex            0%         N/A       100%        3


Dungeon Overview and Level Annotations

Branches:
Dungeon (3/15)

Altars:
Makhleb


Innate Abilities, Weirdness & Mutations

Your stone body is resilient. (AC +4)
You are immune to poison.
You resist negative energy. (rN+)
You are resistant to electric shocks. (rElec)
You are resistant to unholy torment.
You can survive without breathing.
You are immune to petrification.


Message History

The orc warrior hits you with a +0 scimitar!!
Ouch! That really hurt!
You closely miss the orc warrior. You block the orc warrior's attack.
The orc warrior barely misses you.
You feel very mighty all of a sudden. You block the orc warrior's attack.
You closely miss the orc warrior.
The orc warrior hits you with a +0 scimitar.
You hit the orc warrior.
Your weapon exudes an aura of protection.
The orc warrior is lightly wounded.
The orc warrior completely misses you.
The orc warrior hits you but does no damage.
You barely miss the orc warrior.
The orc warrior is lightly wounded.
The orc priest looks satisfied for a moment.
The orc warrior closely misses you.
You closely miss the orc warrior.
The orc warrior is lightly wounded.
The orc warrior barely misses you.
The orc warrior hits you but does no damage.
You closely miss the orc warrior.
The orc warrior is lightly wounded.
The orc priest calls upon Beogh to heal the orc warrior.
The orc warrior's wounds heal themselves!
The orc warrior hits you but does no damage.
You barely miss the orc warrior.
The orc warrior hits you but does no damage.
The orc warrior hits you with a +0 scimitar!
* * * LOW HITPOINT WARNING * * *
You sock the orc warrior!
Your weapon exudes an aura of protection.
The orc warrior is heavily wounded.
You block the orc warrior's attack.
You closely miss the orc warrior.
The orc warrior is heavily wounded.
You block the orc warrior's attack.
The orc priest calls down the wrath of Beogh upon you.
Beogh smites you!
You die...

... #.. # .# ######.###.#
.######
...##.#.#.####.#.....
#######....#...#........#
.....#......# ........#
####..#.#.#..#@# .......##
..#..#.#.#..o######.......#
#.#..#...)..o....o........#
#.#......#.#######.o......#
#........#.# #........#
######.#......# #........#
††.....#.#.#### #........#
#†..####.....
#####........##
...........#..
...#.........#


You could see an orc warrior and an orc priest.

Vanquished Creatures
  7 gnolls
  3 adders
  A worm (D:2)
  2 dart slugs
  An orc (D:3)
  4 ball pythons
  5 bats
  3 giant cockroaches
  6 hobgoblins
  10 jackals
  7 kobolds
  7 oozes
  3 quokkas
  A frilled lizard (D:1)
  9 goblins
  2 rats
71 creatures vanquished.

Notes
Turn   | Place    | Note
-------+----------+-------------------------------------------
     0 | D:1      | Dittersdorf the Gargoyle Fighter began the quest for the
                  | Orb.
     0 | D:1      | Reached XP level 1. HP: 14/14 MP: 1/1
   114 | D:1      | Reached XP level 2. HP: 19/19 MP: 2/2
   461 | D:1      | Reached XP level 3. HP: 23/23 MP: 3/3
  1203 | D:2      | Found a burning altar of Makhleb.
  1245 | D:2      | Reached XP level 4. HP: 24/29 MP: 4/4
  1763 | D:2      | Reached XP level 5. HP: 33/33 MP: 5/5
  2552 | D:3      | Noticed an orc warrior
  2621 | D:3      | Killed from afar by an orc priest

Illustrated notes

Levels and vault maps discovered:
D:1:      sevenhm_arrival_forest_fort_large_4, layout_loops_ring,
          patterned_corridor
D:2:      minmay_wonky_spiral, layout_basic, general_overflow_altar
D:3:      layout_basic

Skill      XL: |  1  2  3  4  5 |
---------------+----------------+-----
Shields        | 4 |  4.4
Armour         | 4 |  4.3
Fighting       | 4 |  4.3
Maces & Flails | 3 |  3.2

Action                   |  1- 3 |  4- 6 || total
-------------------------+-------+-------++-------
Melee: Flail             |   118 |   121 ||   239
  Use: Potion            |       |     1 ||     1
Armor: Scale mail        |    70 |    77 ||   147
Dodge: Dodged            |    47 |    45 ||    92
Block: Kite shield       |    80 |    92 ||   172

Table legend: (Time is in decaauts)
 A = Elapsed time spent in this place.
 B = Non-inter-level travel time spent in this place.
 C = Inter-level travel time spent in this place.
 D = Time resting spent in this place.
 E = Time spent auto-exploring this place.
 F = Levels seen in this place.
 G = Mean time per level.
                   A        B        C        D        E       F      G
               +--------+--------+--------+--------+--------+-----+--------+
         Total |   2739 |   2693 |     46 |    577 |   1483 |   3 |  913.0 |
       Dungeon |   2739 |   2693 |     46 |    577 |   1483 |   3 |  913.0 |
               +--------+--------+--------+--------+--------+-----+--------+

Top non-repeatable levels by time:
     D:2: 1253 daAuts
     D:1: 1022 daAuts
     D:3: 463 daAuts
